[Event "*** Titled Tuesday Blitz"]
[Site "Chess.com"]
[Date "2021.02.02"]
[Round "1"]
[White "PawnEatingZombie"]
[Black "kikydu96"]
[Result "0-1"]
[WhiteElo "2242"]
[BlackElo "2556"]
[TimeControl "180+1"]
[EndTime "10:06:25 PST"]
[Termination "kikydu96 won by resignation"]

1. d4 Nf6 2. c4 g6 3. Nc3 Bg7 4. e4 d6 5. Be2 O-O 6. Be3 e5 7. d5 a5 8. g4 Na6 9. h4 Nc5 10. f3 h5 11. g5 Nfd7 12. b3 f5 13. Nh3 fxe4 14. fxe4 Nb6 15. Nf2 Bd7 16. Kf1 Qe7 17. Kg2 Rf7 18. Qc2 Raf8 19. Raf1 Rf4 20. Nh3 Rxh4 21. Rxf8+ Qxf8 22. Bxc5 dxc5 23. Nb5 Bxb5 24. cxb5 Nc8 25. Rf1 Qe7 26. Kg3 Rxh3+ 27. Kxh3 Nd6 28. Qxc5 Qxg5 29. Qxc7 Nxe4 30. Rg1 Qxg1 0-1

[Event "*** Titled Tuesday Blitz"]
[Site "Chess.com"]
[Date "2021.02.02"]
[Round "1"]
[White "ChampStan"]
[Black "Sokoloco"]
[Result "1-0"]
[WhiteElo "2133"]
[BlackElo "2484"]
[TimeControl "180+1"]
[EndTime "10:06:26 PST"]
[Termination "ChampStan won on time"]

1. d4 d6 2. c4 e5 3. Nf3 e4 4.
Ng5 f5 5. Nc3 Nf6 6. e3 Be7 7.
Be2 O-O 8. O-O c6 9. Nh3 Kh8 10. f3 d5 11. fxe4 fxe4 12. Nf4 Na6 13. Bd2 Nc7 14.
cxd5 Ncxd5 15. Nfxd5 cxd5 16. Be1 Be6 17. Bg3 Bd6 18.
Qe1 a6 19. Bxd6 Qxd6 20. Qh4 Rf7 21. Rf2 Raf8 22. Raf1 b5 23. Bd1 Qd7 24. h3 h6 25.
Ne2 Qe7 26. Nf4 Kh7 27. Qg3 g5 28. Nxe6 Qxe6 29. Qe5 Qd7 30. Bb3 Ng8 31. Bxd5 Rxf2 32. Bxe4+ 1-0

[Event "*** Titled Tuesday Blitz"]
[Site "Chess.com"]
[Date "2021.02.02"]
[Round "1"]
[White "szachuspl"]
[Black "MasterMK73"]
[Result "1-0"]
[WhiteElo "2541"]
[BlackElo "2217"]
[TimeControl "180+1"]
[EndTime "10:06:27 PST"]
[Termination "szachuspl won by resignation"]

1. d4 d5 2. c4 e6 3. Nc3 c6 4. e4 dxe4 5. Nxe4 Bb4+ 6. Bd2 Qxd4 7. Bxb4 Qxe4+ 8. Be2 Qxg2 9. Bf3 Qg5 10. Ne2 Nd7 11. Rg1 Qf6 12. Qd6 Nh6 13. O-O-O Nf5 14. Qd2 Ne5 15. Be4 Nxc4 16. Qc2 Nb6 17. Bxc6+ bxc6 18. Qxc6+ Nd7 19. Qxa8 Qd8 20. Kb1 Ba6 21. Qe4 Qb8 22. Ba3 Qb5 23. Nc3 Qe5 24. Rxd7 Qxe4+ 25. Nxe4 Kxd7 26. Nc5+ Kc6 27. Nxa6 Kb5 28. Nc5 Nd4 29.
Rxg7 Rc8 30. Rxf7 Rxc5 31. Bxc5 Kxc5 32. Rxh7 1-0

[Event "*** Titled Tuesday Blitz"]
[Site "Chess.com"]
[Date "2021.02.02"]
[Round "1"]
[White "LyonBeast"]
[Black "Gerodot71"]
[Result "1-0"]
[WhiteElo "3098"]
[BlackElo "2477"]
[TimeControl "180+1"]
[EndTime "10:06:29 PST"]
[Termination "LyonBeast won by checkmate"]

1. g4 d5 2. Bg2 c6 3. g5 e5 4. d3 Bd6 5. Nc3 Ne7 6. e4 Be6 7. h4 Nd7 8. Bd2 Nc5 9. Nge2 Qc7 10. Ng3 O-O-O 11. b4 Nd7 12. Rb1 Nb6 13. a4 d4 14.
Nce2 Nxa4 15. Qc1 Kb8 16. O-O Nb6 17. Nh5 Rhg8 18. f4 Bg4 19. Neg3 Nd7 20. f5 f6 21. Bf3 Bxf3 22. Rxf3 c5 23. bxc5 Bxc5 24. Qb2 Bb6 25. Kg2 Rc8 26. Bb4 Qxc2+ 27. Rf2 Qxb2 28. Rfxb2 Nc6 29. Bd6+ Ka8 30. Kf3 Rcd8 31. Nf1 g6 32.
Rxb6 axb6 33. Ra1+ Na5 34. Nhg3 gxf5 35. Nxf5 fxg5 36. Nd2 gxh4 37. Nc4 Ka7 38. Bc7 Ka6 39. Nxa5 bxa5 40. Rxa5# 1-0

[Event "*** Titled Tuesday Blitz"]
[Site "Chess.com"]
[Date "2021.02.02"]
[Round "1"]
[White "TimKett"]
[Black "Zq1"]
[Result "0-1"]
[WhiteElo "2175"]
[BlackElo "2520"]
[TimeControl "180+1"]
[EndTime "10:06:29 PST"]
[Termination "Zq1 won on time"]

1. e4 c5 2. Nf3 d6 3. d4 cxd4 4. Nxd4 Nf6 5. Nc3 Nc6 6. Bc4 Bd7 7. Be3 Ng4 8. Qd2 Nxe3 9. Qxe3 g6 10. h4 Bg7 11. Nxc6 bxc6 12. h5 Qb6 13. hxg6 Qxe3+ 14. fxe3 hxg6 15. Rxh8+ Bxh8 16. Kd2 Be5 17. Rf1 e6 18.
Rh1 Kf8 19. b3 Kg7 20. Ne2 a5 21. Nd4 a4 22. Nf3 Bf6 23. b4 Rb8 24. c3 Rb7 25. a3 c5 26. Kc2 Bc6 27. e5 dxe5 28. bxc5 Rc7 29. Rd1 Bb7 30. Bb5 Rxc5 31. Bxa4 Bxf3 32.
gxf3 e4 33. fxe4 Rxc3+ 34. Kd2 Rxa3 35. Bc6 Bg5 36. Re1 Kf6 37. Rf1+ Ke7 38. Re1 Kd6 39. Be8 Ke7 40. Bc6 Bh4 41. Rb1 Bf2 42. Rb7+ Kf8 43. Ke2 Bxe3 0-1

[Event "*** Titled Tuesday Blitz"]
[Site "Chess.com"]
[Date "2021.02.02"]
[Round "1"]
[White "Larciano"]
[Black "Pliukha_Mikhail"]
[Result "0-1"]
[WhiteElo "1691"]
[BlackElo "2479"]
[TimeControl "180+1"]
[EndTime "10:06:29 PST"]
[Termination "Pliukha_Mikhail won on time"]

1. e4 e5 2. Nf3 Nc6 3. Bc4 Bc5 4. d3 Nf6 5. c3 d6 6. O-O O-O 7. Nbd2 h6 8. Re1 a5 9. Bb3 Bb6 10. Nf1 Ne7 11. Ng3 Ng6 12. h3 c6 13. d4 Re8 14.
Be3 exd4 15. Bxd4 Be6 16. Bc2 Bxd4 17. cxd4 Qb6 18. e5 dxe5 19. dxe5 Rad8 20. Qe2 Nf4 21. Qe3 N6d5 22. Qe4 Ng6 23. Nh4 Nxh4 24. Qh7+ Kf8 25. Qh8+ Ke7 26. Qxg7 Rh8 27. Bh7 Ng6 28. Ne4 Kd7 29.
Bxg6 Rdg8 30. Nf6+ Nxf6 31. Qxf6 fxg6 32. Rad1+ Bd5 33.
e6+ Kc8 34. e7 Re8 35. Qxg6 Rhg8 36. Qf5+ Kb8 37. Rxd5 cxd5 38. Qxd5 Qc6 39. Qe5+ Qc7 40. Qe6 Rg7 41. Qxh6 Rgxe7 42. Rxe7 Rxe7 0-1

[Event "*** Titled Tuesday Blitz"]
[Site "Chess.com"]
[Date "2021.02.02"]
[Round "1"]
[White "milenapn"]
[Black "BigAl"]
[Result "1-0"]
[WhiteElo "2023"]
[BlackElo "2472"]
[TimeControl "180+1"]
[EndTime "10:06:32 PST"]
[Termination "milenapn won by resignation"]

1. e4 c6 2. d4 d5 3. Nc3 dxe4 4.
Nxe4 Nf6 5. Nxf6+ exf6 6. c3 Bd6 7. Bd3 O-O 8. Ne2 Re8 9. O-O Nd7 10. h3 Nf8 11. Bf4 Rxe2 12. Bxd6 Rxb2 13. Ba3 Rb6 14. Bc5 Rb5 15. Bxb5 cxb5 16. Bxf8 Qxf8 17. Qb3 a6 18. Rfe1 g6 19. a4 bxa4 20. Rxa4 Kg7 21. c4 Qd6 22. d5 a5 23. Raa1 Qc5 24. Qc3 Bd7 25. Reb1 b6 26. Rc1 a4 27. Qe3 Rc8 28. Rab1 a3 29. Qxc5 Rxc5 30. Rxb6 Ra5 31. Ra1 Bf5 32. d6 Bd3 33. Rb4 f5 34. d7 Ra8 35. c5 a2 36.
c6 Bb1 37. c7 Ra3 38. d8=Q Rc3 39. c8=Q Rd3 40. Qxd3 1-0

[Event "*** Titled Tuesday Blitz"]
[Site "Chess.com"]
[Date "2021.02.02"]
[Round "1"]
[White "Enriquack"]
[Black "igorkovalenko"]
[Result "0-1"]
[WhiteElo "2443"]
[BlackElo "2867"]
[TimeControl "180+1"]
[EndTime "10:06:33 PST"]
[Termination "igorkovalenko won by resignation"]

1. e4 c5 2. Nc3 Nc6 3. f4 g6 4.
Nf3 Bg7 5. Bb5 Nd4 6. O-O Nh6 7. d3 O-O 8. Ba4 f5 9. e5 Nxf3+ 10. Qxf3 e6 11.
Be3 Qa5 12. Bb3 Nf7 13. Na4 Kh8 14. Nxc5 Rb8 15. d4 b6 16. Nd3 Bb7 17. d5 Rbe8 18. Rad1 d6 19. Bd2 Qb5 20. c4 Qd7 21. dxe6 Rxe6 22.
Qf2 dxe5 23. Nxe5 Nxe5 24. fxe5 Rxe5 25. Bb4 Qc7 26. Bd6 Qc6 27. Bxf8 Bxf8 28. Kh1 Bc5 29.
Qg3 Re2 30. Rg1 Bxg1 31. Kxg1 Rxg2+ 0-1

[Event "*** Titled Tuesday Blitz"]
[Site "Chess.com"]
[Date "2021.02.02"]
[Round "1"]
[White "kenta1234"]
[Black "c_r_e_e_p_e_r"]
[Result "1-0"]
[WhiteElo "2671"]
[BlackElo "2359"]
[TimeControl "180+1"]
[EndTime "10:06:33 PST"]
[Termination "kenta1234 won on time"]

1. Nf3 d5 2. d4 Nf6 3. c4 dxc4 4. e3 Bg4 5. Bxc4 e6 6. Nc3 a6 7. h3 Bh5 8. a4 Nc6 9. O-O Bd6 10. e4 Bxf3 11. gxf3 Nxd4 12. Be3 Nc6 13. f4 e5 14.
fxe5 Nxe5 15. Be2 Qe7 16. f4 Bc5 17. Qc1 Ng6 18. e5 Nxe5 19. fxe5 Qxe5 20. Rf3 O-O 21.
Bxc5 Qxc5+ 22. Qe3 Qb4 23. Raf1 Rae8 24. Qg5 Qxb2 25. Rg3 g6 26. Qxf6 Rxe2 27. Nxe2 Qxe2 28. Rgf3 Qc4 29. Rf4 Qc5+ 30. Kh2 Qc2+ 31. R1f2 Qc1 32. h4 h5 33. Rg2 Qc5 34. Rf5 Qd6+ 35. Qxd6 cxd6 36.
Rd5 Rc8 37. Rxd6 Rc4 38. Rf2 Rxh4+ 39. Kg3 Rxa4 40. Rd7 Rg4+ 41. Kh3 f5 42. Rc2 1-0

[Event "*** Titled Tuesday Blitz"]
[Site "Chess.com"]
[Date "2021.02.02"]
[Round "1"]
[White "Michaelson_11"]
[Black "mikolka1985"]
[Result "0-1"]
[WhiteElo "2253"]
[BlackElo "2565"]
[TimeControl "180+1"]
[EndTime "10:06:33 PST"]
[Termination "mikolka1985 won by resignation"]

1. e4 e5 2. Nf3 Nc6 3. Nc3 Nf6 4.
Bb5 Bd6 5. d3 O-O 6. h3 Re8 7.
g4 a6 8. Ba4 b5 9. Bb3 g6 10. Bg5 Be7 11. Qd2 d6 12. Ne2 Bf8 13.
Bd5 Bd7 14. h4 Be7 15. h5 Nxd5 16. exd5 Nd4 17. Nfxd4 Bxg5 18. f4 exf4 19. hxg6 hxg6 20. Kf2 f3 21. Qc3 fxe2 22. Nf5 Qf6 23. Qxf6 Bxf6 24.
Nh6+ Kg7 0-1

[Event "*** Titled Tuesday Blitz"]
[Site "Chess.com"]
[Date "2021.02.02"]
[Round "1"]
[White "Virgo15"]
[Black "MarceloPlaya"]
[Result "1-0"]
[WhiteElo "2602"]
[BlackElo "2295"]
[TimeControl "180+1"]
[EndTime "10:06:34 PST"]
[Termination "Virgo15 won on time"]

1. d4 e6 2. Bf4 Nf6 3. Nf3 d5 4.
e3 c5 5. c3 Nc6 6. Nbd2 Be7 7.
Bd3 O-O 8. h4 cxd4 9. exd4 Nh5 10. Bxh7+ Kxh7 11. Ng5+ Kg6 12. Qg4 f5 13. Qf3 Bd6 14. g3 Bxf4 15. gxf4 Kh6 16. Rg1 Qf6 17. O-O-O Bd7 18. Rg2 g6 19. Rdg1 Be8 20. Qe3 Bf7 21. Ndf3 Rae8 22. Ne5 Nxe5 23. fxe5 f4 24. Qd3 Qf5 25.
Nxf7+ Rxf7 26. Rxg6+ Kh7 27. R6g5 Ng7 28. Rxf5 Nxf5 29.
Qf3 Kh6 30. Qxf4+ Kh7 31. Qg5 Ng7 32. h5 Rg8 33. Qg6+ 1-0

[Event "*** Titled Tuesday Blitz"]
[Site "Chess.com"]
[Date "2021.02.02"]
[Round "1"]
[White "FMOlexandrProhorov"]
[Black "arctic_t00"]
[Result "0-1"]
[WhiteElo "2145"]
[BlackElo "2516"]
[TimeControl "180+1"]
[EndTime "10:06:34 PST"]
[Termination "arctic_t00 won by resignation"]

1. e4 c5 2. c3 e6 3. d4 d5 4.
exd5 exd5 5. Nf3 Nc6 6. Bb5 Nf6 7. O-O Be7 8. h3 O-O 9. Re1 h6 10. dxc5 Bxc5 11. Nbd2 Qd6 12. Nb3 Bb6 13. Be3 Bxe3 14. Rxe3 Bd7 15. Nbd4 Rfe8 16. Rxe8+ Rxe8 17. Qd3 Ne4 18. Rd1 Qf6 19. Ba4 Ne5 20. Qc2 b5 21. Nxe5 Rxe5 22.
Bxb5 Bxh3 23. gxh3 Rg5+ 24. Kf1 Qf4 25. Qe2 Ng3+ 26.
Ke1 Nxe2 0-1

[Event "*** Titled Tuesday Blitz"]
[Site "Chess.com"]
[Date "2021.02.02"]
[Round "1"]
[White "PelinGorki"]
[Black "kirillshevchenko"]
[Result "0-1"]
[WhiteElo "2436"]
[BlackElo "2850"]
[TimeControl "180+1"]
[EndTime "10:06:36 PST"]
[Termination "kirillshevchenko won by resignation"]

1. e4 c5 2. a3 g6 3. b4 Bg7 4. Nc3 d6 5. Nf3 Nc6 6. h3 Nf6 7. Rb1 O-O 8. Bc4 Nxe4 9. Nxe4 d5 10. Nxc5 dxc4 11. O-O b6 12. Ne4 Be6 13. Re1 Qc7 14. Bb2 Rfd8 15. Bxg7 Kxg7 16. Qe2 h6 17. Qe3 Kh7 18. Nh2 Qe5 19. Ng4 Bxg4 20. hxg4 Kg7 21. Qh3 Rd4 22. Nc3 Qg5 23. Qf3 Rc8 24. Re4 Rxd2 25.
Rxc4 Ne5 26. Qd5 Rxc4 27. Ne4 0-1

[Event "*** Titled Tuesday Blitz"]
[Site "Chess.com"]
[Date "2021.02.02"]
[Round "1"]
[White "LisikValera"]
[Black "Eltaj_Safarli"]
[Result "0-1"]
[WhiteElo "2468"]
[BlackElo "2934"]
[TimeControl "180+1"]
[EndTime "10:06:37 PST"]
[Termination "Eltaj_Safarli won by resignation"]

1. d4 Nf6 2. c4 g6 3. Nc3 d5 4.
Nf3 Bg7 5. cxd5 Nxd5 6. e4 Nxc3 7. bxc3 O-O 8. h3 c5 9. Be2 Nd7 10. O-O Nf6 11. e5 Nd5 12. Qb3 cxd4 13. cxd4 Be6 14.
Qxb7 Nc3 15. Bd3 Bd5 16. Qb4 Rc8 17. Bg5 f6 18. exf6 exf6 19. Be3 a5 20. Qa3 Bxf3 21. gxf3 f5 22. Rfc1 Bxd4 23. Bf1 Bxe3 24. fxe3 Qd2 25. Re1 Rfe8 26. Qb3+ Kg7 27. Qb6 Kh6 28. Qd4 Qxd4 29. exd4 Rxe1 30. Rxe1 Rd8 31. Re3 Nxa2 32. Ra3 Nb4 33.
Rxa5 Rxd4 34. Rb5 Nd5 35. Kf2 Kg5 36. Rb2 h5 37. Bb5 h4 38. Be8 Nf4 39. Ra2 Nxh3+ 40. Ke3 Rd6 41. Rg2+ Kh6 42. f4 Re6+ 43. Kf3 Rxe8 44.
Rh2 Nxf4 45. Kxf4 Re4+ 0-1

[Event "*** Titled Tuesday Blitz"]
[Site "Chess.com"]
[Date "2021.02.02"]
[Round "1"]
[White "GM_LOADING"]
[Black "eljanov"]
[Result "0-1"]
[WhiteElo "2458"]
[BlackElo "2897"]
[TimeControl "180+1"]
[EndTime "10:06:37 PST"]
[Termination "eljanov won by resignation"]

1. d4 Nf6 2. Nf3 e6 3. Bg5 c5 4. e3 d5 5. Nbd2 Nc6 6. c3 h6 7. Bh4 g5 8. Bg3 Nh5 9. Bd3 Qb6 10. Rb1 Nxg3 11. hxg3 Bg7 12. Qe2 Bd7 13. O-O g4 14.
Nh4 h5 15. e4 O-O-O 16. exd5 exd5 17. dxc5 Qxc5 18. Bf5 Bf6 19. Bxd7+ Rxd7 20. Nf5 d4 21. Nxd4 Bxd4 22. cxd4 Nxd4 23. Qe3 Kb8 24. Rbc1 Qd5 25. Rfe1 a6 26. Qf4+ Ka8 27. Nc4 Ka7 28. Ne5 Re7 29. Qf3 gxf3 0-1

[Event "*** Titled Tuesday Blitz"]
[Site "Chess.com"]
[Date "2021.02.02"]
[Round "1"]
[White "MariaFominykh"]
[Black "Mr_Penings"]
[Result "0-1"]
[WhiteElo "2289"]
[BlackElo "2589"]
[TimeControl "180+1"]
[EndTime "10:06:38 PST"]
[Termination "Mr_Penings won on time"]

1. d4 Nf6 2. c4 d6 3. Nf3 Nbd7 4. Nc3 e5 5. d5 e4 6. Nd4 a5 7. g3 Nc5 8. Bg2 h5 9. Bg5 Be7 10.
Bxf6 Bxf6 11. Nxe4 Nxe4 12. Bxe4 h4 13. Qd3 Qe7 14.
O-O-O a4 15. Nb5 Kd8 16. f4 Re8 17. Bf3 Bd7 18. e4 g5 19. e5 Bg7 20. exd6 cxd6 21. Kb1 Qf6 22. Qd2 Bf5+ 23. Ka1 a3 24. Nd4 g4 25. Bg2 h3 26. Bf1 Re4 0-1

[Event "*** Titled Tuesday Blitz"]
[Site "Chess.com"]
[Date "2021.02.02"]
[Round "1"]
[White "Stronger1799"]
[Black "kasparicy"]
[Result "1-0"]
[WhiteElo "2611"]
[BlackElo "2311"]
[TimeControl "180+1"]
[EndTime "10:06:40 PST"]
[Termination "Stronger1799 won by resignation"]

1. e4 c5 2. Nf3 d6 3. d4 cxd4 4. Nxd4 Nf6 5. Nc3 a6 6. f3 e6 7.
Be3 b5 8. g4 h6 9. Qd2 b4 10.
Nce2 e5 11. Nb3 Be6 12. Ng3 Nc6 13. O-O-O d5 14. exd5 Nxd5 15. Bc4 Nxe3 16. Qxe3 Qc8 17. Bxe6 Qxe6 18. Nf5 g6 19. Rd6 Bxd6 20. Ng7+ Ke7 21.
Nxe6 Kxe6 22. f4 Rac8 23. Rf1 Rhe8 24. f5+ gxf5 25. gxf5+ Ke7 26. Qxh6 Rg8 27. Qh4+ f6 28. Qh7+ Kf8 29. Qd7 1-0

[Event "*** Titled Tuesday Blitz"]
[Site "Chess.com"]
[Date "2021.02.02"]
[Round "1"]
[White "carlocapau"]
[Black "Meri-Arabidze"]
[Result "0-1"]
[WhiteElo "2294"]
[BlackElo "2603"]
[TimeControl "180+1"]
[EndTime "10:06:40 PST"]
[Termination "Meri-Arabidze won by resignation"]

1. d4 d5 2. c4 e6 3. Nc3 Nf6 4. Nf3 Nbd7 5. Bf4 dxc4 6. e3 b5 7. Be2 Bb4 8. O-O c6 9. a4 a6 10. axb5 Bxc3 11. bxc6 Bxb2 12. cxd7+ Bxd7 13. Rb1 c3 14. Ne5 O-O 15. Nc4 Nd5 16. Bd6 Re8 17. e4 Bb5 18. Bg3 Bxc4 19. Bxc4 Nb4 20. Qb3 a5 21. d5 exd5 22. exd5 Qf6 23. d6 Red8 24. Rfe1 h6 25. h3 Kh8 26. Be5 Qf5 27. Bxf7 a4 28. Qxb4 Qxf7 29. Qh4 a3 30. Bxg7+ Qxg7 31. Re7 c2 32. Rbe1 a2 33. Rxg7 Bxg7 34. Re6 c1=Q+ 0-1

[Event "*** Titled Tuesday Blitz"]
[Site "Chess.com"]
[Date "2021.02.02"]
[Round "1"]
[White "diokletian"]
[Black "VinzentSpitzl"]
[Result "0-1"]
[WhiteElo "2706"]
[BlackElo "2398"]
[TimeControl "180+1"]
[EndTime "10:06:41 PST"]
[Termination "VinzentSpitzl won on time"]

1. d4 d5 2. c4 e6 3. Nf3 Nf6 4. g3 Bb4+ 5. Bd2 Be7 6. Bg2 O-O 7. O-O Nbd7 8. Qc2 Ne4 9. Nc3 Nxd2 10. Nxd2 c6 11. e4 dxc4 12. Nxc4 Nb6 13. Nxb6 Qxb6 14.
Rad1 e5 15. dxe5 Bg4 16. Rd2 Rad8 17. h3 Rxd2 18. Qxd2 Rd8 19. Qc2 Be6 20. Kh2 h5 21. f4 h4 22. gxh4 Qe3 23. Rf3 Qe1 24. Qf2 Qxf2 25. Rxf2 Bxh4 26. Rc2 Rd3 27. f5 Bc4 0-1

[Event "*** Titled Tuesday Blitz"]
[Site "Chess.com"]
[Date "2021.02.02"]
[Round "1"]
[White "BahadirOzen"]
[Black "MrrRefrao"]
[Result "1-0"]
[WhiteElo "2738"]
[BlackElo "2387"]
[TimeControl "180+1"]
[EndTime "10:06:42 PST"]
[Termination "BahadirOzen won by resignation"]

1. g3 d5 2. Bg2 Nf6 3. d3 g6 4. Nf3 Bg7 5. O-O O-O 6. Nbd2 Nc6 7. e4 e5 8. c3 a5 9. Re1 h6 10. Qc2 Re8 11. b3 Be6 12. a3 Qd7 13. Bb2 Bh3 14. b4 Bxg2 15. Kxg2 axb4 16. cxb4 Rad8 17. Rac1 Re7 18.
b5 dxe4 19. dxe4 Nd4 20. Bxd4 exd4 21. Qb3 Nh5 22. e5 Qd5 23. Re4 Qxb3 24. Nxb3 d3 25.
Rd1 f5 26. Re3 Rd5 27. a4 Bxe5 28. Rde1 d2 29. Nbxd2 f4 30. Rxe5 1-0

[Event "*** Titled Tuesday Blitz"]
[Site "Chess.com"]
[Date "2021.02.02"]
[Round "1"]
[White "anantone"]
[Black "The_filthy"]
[Result "1-0"]
[WhiteElo "2549"]
[BlackElo "2233"]
[TimeControl "180+1"]
[EndTime "10:06:42 PST"]
[Termination "anantone won by resignation"]

1. e4 e6 2. d4 d5 3. Nc3 Nf6 4.
Bg5 Be7 5. e5 Nfd7 6. h4 f6 7.
exf6 Nxf6 8. Bd3 c5 9. dxc5 Nc6 10. Nf3 Bxc5 11. Qe2 O-O 12. O-O-O Bd7 13. Kb1 Bb4 14. Nb5 a6 15. Nbd4 Re8 16. Nxc6 bxc6 17. Ne5 Rb8 18. Ka1 Be7 19. c3 c5 20. Bb1 c4 21. Qc2 Ne4 22. f3 Qa5 23. fxe4 Ba4 24. Qd2 Bf8 25.
exd5 Bb3 26. Rhf1 Bxd1 27. Qxd1 Rxb2 28. Kxb2 Ba3+ 29. Kc2 exd5 30. Qf3 Qa4+ 31. Kd2 Rf8 32. Qxd5+ Kh8 33. Rxf8+ Bxf8 34. Nf7+ 1-0

[Event "*** Titled Tuesday Blitz"]
[Site "Chess.com"]
[Date "2021.02.02"]
[Round "1"]
[White "NiranjanNavalgund"]
[Black "szefru"]
[Result "0-1"]
[WhiteElo "2515"]
[BlackElo "2218"]
[TimeControl "180+1"]
[EndTime "10:06:42 PST"]
[Termination "szefru won by checkmate"]

1. d4 Nf6 2. c4 g6 3. Nc3 Bg7 4. e4 d6 5. Bd3 O-O 6. Nge2 Nc6 7. O-O e5 8. d5 Ne7 9. h3 Ne8 10. f4 exf4 11. Bxf4 f5 12. Qd2 fxe4 13. Nxe4 Nf5 14. Rae1 Nf6 15. Ng5 Nh5 16. Ne6 Bxe6 17. dxe6 Nxf4 18.
Nxf4 Ne7 19. Nd5 c6 20. Nc3 Qb6+ 21. Kh1 Qd4 22. Ne4 Nf5 23. Rf3 Rae8 24. Nc3 Be5 25. Re4 Ng3+ 26. Rxg3 Rf1+ 27. Kh2 Qg1# 0-1

[Event "*** Titled Tuesday Blitz"]
[Site "Chess.com"]
[Date "2021.02.02"]
[Round "1"]
[White "Grimlock_Glasgow"]
[Black "Joseacorrea"]
[Result "1-0"]
[WhiteElo "2494"]
[BlackElo "2023"]
[TimeControl "180+1"]
[EndTime "10:06:42 PST"]
[Termination "Grimlock_Glasgow won on time"]

1. e4 c5 2. Nc3 Nc6 3. Bb5 Nd4 4. Nf3 Nxb5 5. Nxb5 a6 6. Nc3 b5 7. d4 cxd4 8. Qxd4 Bb7 9. a4 Bc6 10. O-O e6 11.
Bf4 b4 12. Nd5 Bxd5 13. exd5 Nf6 14. Rfe1 Rc8 15. Rad1 Bc5 16. Qd3 O-O 17. dxe6 dxe6 18. Qxa6 Qb6 19. Qxb6 Bxb6 20. Bd6 Rfd8 21. Bxb4 Rxd1 22.
Rxd1 Rxc2 23. a5 Bxf2+ 24. Kf1 Nd5 25. Rd2 1-0

[Event "*** Titled Tuesday Blitz"]
[Site "Chess.com"]
[Date "2021.02.02"]
[Round "1"]
[White "JoachimMouhamad"]
[Black "dozer80"]
[Result "1-0"]
[WhiteElo "2318"]
[BlackElo "2587"]
[TimeControl "180+1"]
[EndTime "10:06:43 PST"]
[Termination "JoachimMouhamad won by resignation"]

1. e4 c5 2. Nf3 e6 3. d4 cxd4 4. Nxd4 Nc6 5. Nc3 Qc7 6. Be3 a6 7. Qd2 Nf6 8. O-O-O b5 9. Nxc6 dxc6 10. f3 e5 11. g4 Be6 12. h4 Nd7 13. Bh3 Nb6 14.
Bxb6 Qxb6 15. g5 Bxh3 16. Rxh3 Ra7 17. h5 Bc5 18. Kb1 Ke7 19. Qh2 Qc7 20. g6 f6 21.
Ne2 Raa8 22. Ng3 Rad8 23. Nf5+ Ke6 24. Rc1 a5 25. Qg2 hxg6 26. hxg6 a4 27. Rxh8 Rxh8 28.
Qg4 Qd7 29. Nxg7+ Kd6 30. Rd1+ Bd4 31. Qxd7+ Kxd7 32. c3 c5 33. cxd4 cxd4 34. Nf5 Rg8 35. g7 Ke6 36. Kc2 Rc8+ 37. Kd3 b4 38. Rg1 a3 39.
bxa3 Rc3+ 40. Kd2 1-0

[Event "*** Titled Tuesday Blitz"]
[Site "Chess.com"]
[Date "2021.02.02"]
[Round "1"]
[White "NicoChasin"]
[Black "LubovMarkelova"]
[Result "1-0"]
[WhiteElo "2558"]
[BlackElo "2244"]
[TimeControl "180+1"]
[EndTime "10:06:44 PST"]
[Termination "NicoChasin won by resignation"]

1. e4 e6 2. d4 d5 3. Nc3 Nf6 4.
Bg5 dxe4 5. Nxe4 Nbd7 6. Nf3 h6 7. Nxf6+ Nxf6 8. Bh4 c5 9. dxc5 Qa5+ 10. Qd2 Qxc5 11. Bd3 Be7 12. O-O O-O 13. Rfe1 Rd8 14. Rad1 Bd7 15. Ne5 Be8 16. Qe2 Nd5 17. Bxe7 Qxe7 18.
c4 Nf4 19. Qe4 Nxd3 20. Rxd3 Rxd3 21. Nxd3 Bc6 22. Qe3 Rd8 23. Ne5 Qf6 24. h3 a6 25.
f3 Be8 26. b4 Ba4 27. Qc3 Rd1 28. Rxd1 Bxd1 29. Qd4 Ba4 30. f4 g5 31. fxg5 hxg5 32. Nf3 Qxd4+ 33. Nxd4 Kf8 34. Kf2 Ke7 35. Ke3 Kd6 36.
Ne2 f5 37. g3 Bc6 38. h4 gxh4 39. gxh4 e5 40. h5 f4+ 41. Kd3 e4+ 42. Kd2 Ke5 43.
h6 e3+ 44. Ke1 f3 45. h7 f2+ 46. Kf1 Ke4 47. h8=Q Kd3 48. Qd4+ Kc2 49. Qxe3 1-0

[Event "*** Titled Tuesday Blitz"]
[Site "Chess.com"]
[Date "2021.02.02"]
[Round "1"]
[White "Aikiigm"]
[Black "floplover"]
[Result "0-1"]
[WhiteElo "2581"]
[BlackElo "2311"]
[TimeControl "180+1"]
[EndTime "10:06:45 PST"]
[Termination "floplover won by resignation"]

1. d4 d5 2. Nf3 e6 3. c4 Nf6 4.
Nc3 Bb4 5. Bd2 O-O 6. e3 b6 7. a3 Bxc3 8. Bxc3 Ne4 9. Rc1 Bb7 10. Bd3 Nd7 11. O-O dxc4 12. Bxc4 Nxc3 13. bxc3 Qe7 14. a4 c5 15. Qe2 Rac8 16. Rfd1 h6 17. Ba6 Nf6 18.
Ne5 Ne4 19. f3 Nf6 20. e4 Rfd8 21. Bxb7 Qxb7 22. dxc5 Rxd1+ 23. Rxd1 Rxc5 24. Rd8+ Kh7 25. Nd3 Rxc3 26. e5 Nd7 27. Qd2 Rc8 28. Rxc8 Qxc8 29. Qe3 Qc4 30. a5 bxa5 31. Nf4 Nc5 32. h4 a4 33. Qd2 a3 34. Nh5 a2 0-1

[Event "*** Titled Tuesday Blitz"]
[Site "Chess.com"]
[Date "2021.02.02"]
[Round "1"]
[White "scarabee43"]
[Black "Cocaino74"]
[Result "1-0"]
[WhiteElo "2578"]
[BlackElo "2270"]
[TimeControl "180+1"]
[EndTime "10:06:47 PST"]
[Termination "scarabee43 won by checkmate"]

1. Nf3 b6 2. c4 Bb7 3. Nc3 c5 4. e3 g6 5. d4 cxd4 6. exd4 Bg7 7. Be2 e6 8. O-O Ne7 9. Bf4 a6 10. d5 exd5 11. cxd5 d6 12. Ne4 Nxd5 13. Nxd6+ Kf8 14. Nxb7 Qd7 15. Bd6+ Kg8 16. Qxd5 Nc6 17. Rac1 Rc8 18. Bxa6 h6 19. Bb5 Qxb7 20. Rxc6 Rd8 21. Rd1 Kh7 22.
Rc7 Qxd5 23. Rxd5 f6 24. h4 Rhg8 25. Bd3 f5 26. h5 gxh5 27. Nh4 Rge8 28. Bxf5+ Kg8 29.
Nf3 Bxb2 30. Bg6 Re2 31. Bf7+ Kg7 32. Bxh5+ Kf6 33. Bg4 Ba3 34. Rf5+ Kg6 35. Nh4# 1-0

[Event "*** Titled Tuesday Blitz"]
[Site "Chess.com"]
[Date "2021.02.02"]
[Round "1"]
[White "GMKrikor"]
[Black "shaheus"]
[Result "1-0"]
[WhiteElo "2810"]
[BlackElo "2417"]
[TimeControl "180+1"]
[EndTime "10:06:48 PST"]
[Termination "GMKrikor won on time"]

1. Nf3 d6 2. d4 g6 3. c4 Bg7 4. e4 Nf6 5. Nc3 O-O 6. h3 c6 7. Be3 a6 8. Bd3 b5 9. O-O Bb7 10. Re1 b4 11. Na4 Nfd7 12. c5 a5 13. Rc1 dxc5 14.
dxc5 Ba6 15. b3 Bxd3 16. Qxd3 Ne5 17. Nxe5 Bxe5 18. Qc4 Qc7 19. Nb6 Ra7 20. Rcd1 Rd8 21. Kf1 Bc3 22. Rxd8+ Qxd8 23. Rc1 e5 24. g3 Kg7 25.
Kg2 h6 26. Qe2 Re7 27. Rd1 Qc7 28. Qd3 Bd4 29. Bxd4 exd4 30. Qxd4+ 1-0

[Event "*** Titled Tuesday Blitz"]
[Site "Chess.com"]
[Date "2021.02.02"]
[Round "1"]
[White "Gabrielian_Artur"]
[Black "rynos0411"]
[Result "1-0"]
[WhiteElo "2778"]
[BlackElo "2404"]
[TimeControl "180+1"]
[EndTime "10:06:48 PST"]
[Termination "Gabrielian_Artur won by resignation"]

1. c4 Nf6 2. Nc3 g6 3. g3 Bg7 4. Bg2 O-O 5. Nf3 d6 6. d4 Nc6 7.
O-O e5 8. dxe5 dxe5 9. Bg5 Qe8 10. Nd5 Nxd5 11. cxd5 Nd4 12. Rc1 h6 13. Be3 Nxf3+ 14. Bxf3 e4 15. Bg2 Qd8 16. Bxe4 Bxb2 17. Rc2 Bg7 18. Qc1 Re8 19. Bg2 Re7 20. Bxh6 Bf5 21. Bxg7 Kxg7 22. Qb2+ Kg8 23. Rc4 Qd6 24. Rfc1 Rae8 25.
e3 Be4 26. Bxe4 Rxe4 27. Rxe4 Rxe4 28. Qxb7 Rb4 29. Qxc7 Qxd5 30. Qc8+ Kh7 31. Qc5 Qb7 32. Qe5 Kg8 33. h4 Rb5 34. Qd4 Rd5 35. Rc8+ Qxc8 36.
Qxd5 Qc1+ 37. Kg2 Qc7 38. e4 Kg7 39. h5 Qe7 40. hxg6 fxg6 41. a4 Qc7 42. a5 Qe7 43. a6 Qc7 44. Qb7 1-0